[ AOE2 MATCH · #477048796 ]
UnrankedMapuche vs Mapuche
[ REPLAY ANALYSIS · EXTRACTED FROM THE RECORDED GAME ]
Feudal
10:45
Castle
14:40
Imperial
—
| APM avg | 51.9 |
| APM peak | 87 |
| eAPM avg | 25.8 |
| Villagers / military | 134 / 130 |
Focus
⚔️ 27.2% · 🌾 72.8%
Bolas Rider ×122 · Kona ×2 · Monk ×2 · Mangonel ×2 · Spearman ×2
Feudal
10:46
Castle
25:27
Imperial
—
| APM avg | 34.0 |
| APM peak | 61 |
| eAPM avg | 18.1 |
| Villagers / military | 119 / 69 |
Focus
⚔️ 22.6% · 🌾 77.4%
Magyar Huszar ×59 · Scout Cavalry ×10
Feudal
9:19
Castle
23:46
Imperial
—
| APM avg | 37.9 |
| APM peak | 96 |
| eAPM avg | 19.7 |
| Villagers / military | 73 / 66 |
Focus
⚔️ 40.0% · 🌾 60.0%
Bolas Rider ×29 · Archer ×16 · Skirmisher ×11 · Spearman ×5 · Scorpion ×3 · Mangonel ×2
Feudal
9:41
Castle
21:29
Imperial
39:34
| APM avg | 48.2 |
| APM peak | 139 |
| eAPM avg | 21.7 |
| Villagers / military | 80 / 164 |
Focus
⚔️ 42.1% · 🌾 57.9%
Knight ×124 · Scout Cavalry ×40
Match map
Initial resources + every placement click. Lines = walls · curves = elevation contours. ◆ gold · ⬟ stone · ● berries · ✦ relic · ◌ wall gap
Your base· Open — 15t gap
epic Llama's base· ✓ Closed at 25:27 · 51t walls · 2 gate(s)
argum's base· Open — 6t gap
Steven S Lee's base· ✓ Closed at 21:29 · 35t walls · no gate
Smoothed initial terrain · ◌ = detected wall gap · hover for details
Inputs per minute
— Anne Flank - - epic Llama
Build order — Anne Flank
First 150 of 301 actions detected
| 0:04 | Build | Town Center |
| 1:04 | Create | Villager (Male) |
| 1:05 | Create | Villager (Male) |
| 1:05 | Create | Villager (Male) |
| 1:05 | Create | Villager (Male) |
| 1:05 | Create | Villager (Male) |
| 1:40 | Create | Villager (Male) |
| 1:40 | Create | Villager (Male) |
| 1:49 | Build | Settlement |
| 2:10 | Create | Villager (Male) |
| 2:10 | Create | Villager (Male) |
| 2:46 | Create | Villager (Male) |
| 2:46 | Create | Villager (Male) |
| 2:47 | Create | Villager (Male) |
| 4:06 | Build | Palisade Wall |
| 4:07 | Build | Palisade Wall |
| 4:07 | Build | Palisade Wall |
| 4:08 | Build | Palisade Wall |
| 4:08 | Build | Palisade Wall |
| 4:19 | Create | Villager (Male) |
| 4:25 | Create | Villager (Male) |
| 4:36 | Create | Villager (Male) |
| 4:36 | Create | Villager (Male) |
| 4:49 | Create | Villager (Male) |
| 4:49 | Create | Villager (Male) |
| 4:55 | Create | Villager (Male) |
| 4:55 | Create | Villager (Male) |
| 5:16 | Create | Villager (Male) |
| 5:16 | Create | Villager (Male) |
| 5:21 | Create | Villager (Male) |
| 5:21 | Create | Villager (Male) |
| 5:43 | Create | Villager (Male) |
| 5:44 | Create | Villager (Male) |
| 7:08 | Build | Settlement |
| 7:34 | Create | Villager (Male) |
| 7:54 | Build | Palisade Wall |
| 7:55 | Build | Palisade Wall |
| 7:55 | Build | Palisade Wall |
| 7:56 | Build | Palisade Wall |
| 7:58 | Build | Palisade Wall |
| 8:08 | Create | Villager (Male) |
| 8:09 | Research | Feudal Age |
| 8:19 | Build | Palisade Wall |
| 8:20 | Build | Palisade Wall |
| 9:03 | Build | Settlement |
| 9:08 | Build | Settlement |
| 9:34 | Build | Palisade Wall |
| 9:35 | Build | Palisade Wall |
| 9:35 | Build | Palisade Wall |
| 10:15 | Build | Barracks |
| 10:34 | Create | Villager (Male) |
| 10:34 | Create | Villager (Male) |
| 10:45 | Age | Feudal Age |
| 10:48 | Build | Market |
| 10:49 | Create | Villager (Male) |
| 10:55 | Build | Archery Range |
| 11:04 | Create | Spearman |
| 11:14 | Create | Spearman |
| 11:33 | Research | Loom |
| 11:59 | Research | Castle Age |
| 11:59 | Research | Castle Age |
| 12:58 | Build | Archery Range |
| 13:08 | Research | Double-Bit Axe |
| 13:08 | Research | Double-Bit Axe |
| 13:33 | Research | Gold Mining |
| 13:33 | Research | Gold Mining |
| 14:01 | Build | Palisade Wall |
| 14:08 | Build | Blacksmith |
| 14:12 | Create | Villager (Male) |
| 14:40 | Age | Castle Age |
| 14:40 | Research | Bow Saw |
| 14:40 | Research | Bow Saw |
| 14:49 | Create | Bolas Rider |
| 14:50 | Create | Bolas Rider |
| 14:53 | Research | Fletching |
| 14:53 | Research | Fletching |
| 14:57 | Create | Villager (Male) |
| 15:13 | Create | Bolas Rider ×4 |
| 15:17 | Build | Farm |
| 15:28 | Create | Villager (Male) |
| 15:31 | Create | Bolas Rider |
| 15:31 | Create | Bolas Rider |
| 15:41 | Build | Farm |
| 15:43 | Build | Farm |
| 15:57 | Build | House |
| 16:05 | Create | Villager (Male) |
| 16:09 | Build | House |
| 16:16 | Build | House |
| 16:19 | Create | Bolas Rider |
| 16:49 | Create | Villager (Male) |
| 16:51 | Create | Bolas Rider ×2 |
| 16:53 | Create | Villager (Male) |
| 17:09 | Build | Town Center |
| 17:17 | Create | Bolas Rider |
| 17:23 | Create | Bolas Rider |
| 17:38 | Create | Villager (Male) |
| 17:42 | Build | Farm |
| 17:47 | Create | Bolas Rider |
| 17:47 | Create | Bolas Rider |
| 17:57 | Create | Villager (Male) |
| 18:05 | Create | Bolas Rider |
| 18:05 | Create | Bolas Rider |
| 18:25 | Create | Villager (Male) |
| 18:32 | Create | Villager (Male) |
| 18:33 | Create | Villager (Male) |
| 18:35 | Create | Bolas Rider ×3 |
| 18:35 | Create | Bolas Rider ×3 |
| 19:03 | Create | Villager (Male) |
| 19:03 | Create | Villager (Male) |
| 19:26 | Create | Villager (Male) |
| 19:27 | Create | Villager (Male) |
| 19:28 | Create | Villager (Male) |
| 19:30 | Create | Bolas Rider ×3 |
| 19:35 | Build | House |
| 19:45 | Create | Bolas Rider |
| 20:12 | Create | Villager (Male) |
| 20:14 | Research | Bodkin Arrow |
| 20:14 | Research | Bodkin Arrow |
| 20:33 | Build | University |
| 20:39 | Build | House |
| 20:46 | Create | Bolas Rider ×2 |
| 21:02 | Research | Wheelbarrow |
| 21:09 | Create | Villager (Male) |
| 21:09 | Create | Villager (Male) |
| 21:09 | Create | Villager (Male) |
| 21:26 | Research | Ballistics |
| 21:27 | Research | Ballistics |
| 21:29 | Build | House |
| 21:41 | Research | Padded Archer Armor |
| 21:44 | Create | Bolas Rider |
| 21:55 | Create | Villager (Male) |
| 22:00 | Build | Settlement |
| 22:10 | Create | Villager (Male) |
| 22:31 | Build | Siege Workshop |
| 22:35 | Create | Villager (Male) |
| 22:35 | Create | Villager (Male) |
| 22:39 | Create | Villager (Male) |
| 22:41 | Create | Bolas Rider ×2 |
| 22:41 | Create | Bolas Rider ×2 |
| 22:56 | Build | House |
| 22:59 | Create | Villager (Male) |
| 22:59 | Create | Villager (Male) |
| 23:08 | Build | Farm |
| 23:12 | Create | Villager (Male) |
| 23:15 | Create | Bolas Rider ×2 |
| 23:16 | Create | Bolas Rider ×2 |
| 23:17 | Create | Villager (Male) |
| 23:20 | Build | House |
| 23:22 | Build | House |
| 23:24 | Build | House |
Build order — epic Llama
First 150 of 333 actions detected
| 0:25 | Build | Town Center |
| 1:31 | Create | Villager (Male) ×4 |
| 1:31 | Create | Villager (Male) ×4 |
| 2:17 | Create | Villager (Male) |
| 2:59 | Create | Villager (Male) |
| 3:20 | Create | Villager (Male) |
| 3:20 | Create | Villager (Male) |
| 4:03 | Build | House |
| 4:06 | Build | Mill |
| 4:06 | Create | Villager (Male) |
| 4:07 | Create | Villager (Male) |
| 4:40 | Create | Villager (Male) |
| 4:40 | Create | Villager (Male) |
| 4:55 | Create | Villager (Male) |
| 5:23 | Create | Villager (Male) |
| 5:23 | Create | Villager (Male) |
| 5:42 | Create | Villager (Male) |
| 6:03 | Create | Villager (Male) |
| 6:04 | Create | Villager (Male) |
| 6:11 | Create | Villager (Male) |
| 6:12 | Create | Villager (Male) |
| 6:31 | Create | Villager (Male) |
| 6:31 | Create | Villager (Male) |
| 7:28 | Build | Barracks |
| 7:32 | Build | Palisade Wall |
| 7:44 | Build | Palisade Gate |
| 7:45 | Build | House |
| 8:05 | Create | Villager (Male) |
| 8:08 | Build | House |
| 8:12 | Build | House |
| 8:18 | Build | Mining Camp |
| 8:28 | Research | Feudal Age |
| 8:28 | Research | Feudal Age |
| 9:01 | Build | Palisade Wall |
| 9:58 | Build | Palisade Wall |
| 10:02 | Research | Loom |
| 10:04 | Create | Villager (Male) |
| 10:05 | Research | Loom |
| 10:14 | Create | Villager (Male) |
| 10:15 | Research | Loom |
| 10:22 | Build | Palisade Wall |
| 10:46 | Age | Feudal Age |
| 10:47 | Build | Stable |
| 11:08 | Build | Palisade Gate |
| 11:28 | Create | Villager (Male) |
| 11:30 | Research | Loom |
| 11:35 | Build | House |
| 11:58 | Build | House |
| 12:08 | Build | House |
| 12:10 | Create | Scout Cavalry |
| 12:11 | Create | Scout Cavalry |
| 12:12 | Create | Scout Cavalry |
| 12:14 | Build | Stable |
| 12:20 | Create | Villager (Male) |
| 12:20 | Create | Villager (Male) |
| 12:21 | Create | Villager (Male) |
| 13:03 | Create | Scout Cavalry |
| 13:36 | Create | Villager (Male) |
| 13:37 | Create | Villager (Male) |
| 13:40 | Research | Horse Collar |
| 13:40 | Research | Horse Collar |
| 13:58 | Create | Scout Cavalry |
| 13:58 | Create | Scout Cavalry |
| 14:01 | Research | Bloodlines |
| 14:01 | Research | Bloodlines |
| 14:02 | Create | Scout Cavalry |
| 14:03 | Create | Scout Cavalry |
| 14:05 | Create | Villager (Male) |
| 14:09 | Build | Mining Camp |
| 14:15 | Build | Mill |
| 14:46 | Create | Scout Cavalry |
| 14:47 | Create | Scout Cavalry |
| 14:47 | Create | Villager (Male) |
| 14:54 | Build | Farm |
| 14:55 | Build | Farm |
| 14:57 | Build | Farm |
| 15:03 | Create | Villager (Male) |
| 15:13 | Build | Palisade Wall |
| 16:06 | Create | Villager (Male) |
| 16:07 | Create | Villager (Male) |
| 16:09 | Build | Farm |
| 16:10 | Build | Farm |
| 16:25 | Build | Mill |
| 16:26 | Build | Farm |
| 16:26 | Build | Farm |
| 16:26 | Build | Farm |
| 16:27 | Build | Farm |
| 16:27 | Build | Farm |
| 16:34 | Build | House |
| 16:36 | Create | Villager (Male) |
| 16:37 | Create | Villager (Male) |
| 17:31 | Create | Villager (Male) |
| 17:31 | Create | Villager (Male) |
| 17:34 | Build | Farm |
| 17:37 | Build | Farm |
| 17:40 | Build | Farm |
| 17:41 | Build | Farm |
| 17:45 | Build | House |
| 17:50 | Create | Villager (Male) |
| 18:03 | Build | Farm |
| 18:08 | Create | Villager (Male) |
| 18:37 | Create | Villager (Male) |
| 18:42 | Build | Lumber Camp |
| 18:50 | Build | Farm |
| 19:06 | Build | House |
| 19:09 | Create | Villager (Male) |
| 19:36 | Research | Double-Bit Axe |
| 19:36 | Research | Double-Bit Axe |
| 20:07 | Build | Market |
| 20:11 | Create | Villager (Male) |
| 20:21 | Build | Blacksmith |
| 20:28 | Research | Wheelbarrow |
| 20:28 | Research | Wheelbarrow |
| 20:37 | Build | Farm |
| 20:39 | Build | Farm |
| 21:16 | Build | Farm |
| 21:17 | Build | Farm |
| 21:25 | Build | Farm |
| 21:27 | Build | Farm |
| 21:32 | Build | Farm |
| 21:34 | Build | Farm |
| 21:35 | Create | Villager (Male) |
| 21:41 | Build | Farm |
| 21:42 | Build | Farm |
| 22:05 | Create | Villager (Male) |
| 22:18 | Build | Farm |
| 22:20 | Build | Farm |
| 22:22 | Build | Farm |
| 22:29 | Build | Farm |
| 22:33 | Build | Farm |
| 22:44 | Research | Castle Age |
| 22:44 | Research | Castle Age |
| 22:44 | Research | Castle Age |
| 23:12 | Research | Stone Mining |
| 23:13 | Research | Stone Mining |
| 23:32 | Build | Farm |
| 23:39 | Build | Mill |
| 23:40 | Build | Farm |
| 23:41 | Build | Farm |
| 23:41 | Build | Farm |
| 23:42 | Build | Farm |
| 23:56 | Build | Mining Camp |
| 23:58 | Create | Villager (Male) |
| 24:28 | Research | Scale Barding Armor |
| 24:28 | Research | Scale Barding Armor |
| 24:51 | Research | Fletching |
| 24:51 | Research | Fletching |
| 25:27 | Age | Castle Age |
| 25:31 | Create | Villager (Male) |
| 25:33 | Research | Bow Saw |
Build order — argum
First 150 of 226 actions detected
| 0:06 | Build | Town Center |
| 1:13 | Create | Villager (Male) |
| 1:14 | Create | Villager (Male) |
| 1:14 | Create | Villager (Male) |
| 1:14 | Create | Villager (Male) |
| 2:49 | Create | Villager (Male) |
| 2:49 | Create | Villager (Male) |
| 2:49 | Create | Villager (Male) |
| 2:50 | Create | Villager (Male) |
| 2:50 | Create | Villager (Male) |
| 3:00 | Build | Settlement |
| 3:08 | Create | Villager (Male) |
| 3:22 | Create | Villager (Male) |
| 3:44 | Create | Villager (Male) |
| 4:30 | Create | Villager (Male) |
| 4:48 | Create | Villager (Male) |
| 5:29 | Create | Villager (Male) |
| 5:33 | Build | Settlement |
| 5:44 | Build | House |
| 5:54 | Research | Loom |
| 6:31 | Build | House |
| 6:35 | Build | House |
| 7:09 | Research | Feudal Age |
| 8:01 | Build | Settlement |
| 8:17 | Create | Villager (Male) |
| 8:28 | Build | House |
| 8:44 | Build | Palisade Wall |
| 8:51 | Build | Palisade Wall |
| 8:52 | Create | Villager (Male) |
| 8:59 | Build | Palisade Wall |
| 9:01 | Build | Palisade Wall |
| 9:12 | Build | Barracks |
| 9:19 | Age | Feudal Age |
| 9:29 | Create | Skirmisher |
| 9:33 | Research | Double-Bit Axe |
| 9:35 | Create | Villager (Male) |
| 9:53 | Create | Spearman |
| 9:54 | Create | Spearman |
| 10:06 | Create | Villager (Male) |
| 10:25 | Research | Loom |
| 10:35 | Build | Archery Range |
| 11:04 | Create | Archer |
| 11:13 | Build | Archery Range |
| 11:19 | Create | Villager (Male) |
| 11:28 | Create | Villager (Male) |
| 12:03 | Create | Villager (Male) |
| 12:10 | Create | Skirmisher |
| 12:14 | Create | Villager (Male) |
| 12:20 | Create | Archer |
| 12:41 | Build | Palisade Wall |
| 12:50 | Create | Villager (Male) |
| 12:53 | Create | Archer |
| 13:07 | Build | Blacksmith |
| 13:13 | Build | House |
| 13:17 | Create | Villager (Male) |
| 13:18 | Create | Archer |
| 13:32 | Create | Archer |
| 13:36 | Create | Villager (Male) |
| 13:49 | Create | Archer |
| 13:54 | Create | Spearman |
| 13:58 | Create | Villager (Male) |
| 14:21 | Create | Archer |
| 14:22 | Create | Villager (Male) |
| 14:26 | Research | Fletching |
| 14:41 | Create | Archer |
| 14:50 | Create | Villager (Male) |
| 15:04 | Create | Archer |
| 15:10 | Research | Horse Collar |
| 15:34 | Create | Archer |
| 15:34 | Create | Villager (Male) |
| 15:46 | Create | Archer |
| 16:05 | Create | Spearman |
| 16:06 | Create | Archer |
| 16:16 | Create | Villager (Male) |
| 16:18 | Build | Farm |
| 16:19 | Build | Farm |
| 16:20 | Build | Farm |
| 16:22 | Build | Farm |
| 16:25 | Create | Archer |
| 16:32 | Create | Spearman |
| 16:33 | Create | Archer |
| 16:44 | Create | Villager (Male) |
| 16:47 | Build | Farm |
| 16:56 | Create | Villager (Male) |
| 16:57 | Create | Archer |
| 17:09 | Build | Farm |
| 17:10 | Build | Farm |
| 17:24 | Create | Archer |
| 17:35 | Create | Villager (Male) |
| 17:38 | Build | Farm |
| 17:40 | Build | Farm |
| 18:04 | Create | Villager (Male) |
| 18:08 | Build | Farm |
| 18:25 | Create | Villager (Male) |
| 18:27 | Create | Skirmisher |
| 18:30 | Create | Skirmisher |
| 18:33 | Research | Padded Archer Armor |
| 18:43 | Build | Farm |
| 18:48 | Build | Farm |
| 18:49 | Create | Villager (Male) |
| 19:04 | Create | Skirmisher |
| 19:04 | Create | Skirmisher |
| 19:23 | Create | Villager (Male) |
| 19:43 | Research | Wheelbarrow |
| 19:48 | Build | Farm |
| 19:53 | Build | Farm |
| 19:56 | Build | Farm |
| 20:00 | Build | Farm |
| 21:06 | Research | Castle Age |
| 21:18 | Build | Palisade Gate |
| 21:29 | Create | Skirmisher |
| 21:30 | Create | Skirmisher |
| 21:33 | Create | Skirmisher |
| 21:35 | Create | Skirmisher |
| 21:55 | Research | Gold Mining |
| 22:15 | Build | Archery Range |
| 22:19 | Build | House |
| 22:21 | Build | House |
| 22:24 | Build | House |
| 22:26 | Build | House |
| 22:31 | Build | House |
| 22:36 | Build | House |
| 23:19 | Create | Villager (Male) |
| 23:46 | Age | Castle Age |
| 23:50 | Create | Bolas Rider |
| 23:50 | Create | Bolas Rider |
| 23:50 | Create | Bolas Rider |
| 23:51 | Research | Bodkin Arrow |
| 24:02 | Build | Siege Workshop |
| 24:10 | Build | Siege Workshop |
| 24:23 | Create | Villager (Male) |
| 24:30 | Create | Mangonel |
| 24:36 | Create | Villager (Male) |
| 24:41 | Create | Mangonel |
| 24:56 | Build | House |
| 25:15 | Create | Villager (Male) |
| 25:16 | Create | Bolas Rider |
| 25:27 | Create | Villager (Male) |
| 26:14 | Create | Villager (Male) |
| 26:15 | Create | Bolas Rider |
| 26:15 | Create | Bolas Rider |
| 26:27 | Build | Farm |
| 26:33 | Build | House |
| 26:39 | Create | Scorpion |
| 26:40 | Create | Scorpion |
| 27:09 | Create | Villager (Male) |
| 27:18 | Create | Villager (Male) |
| 28:04 | Create | Villager (Male) |
| 28:09 | Create | Villager (Male) |
| 28:23 | Create | Villager (Male) |
Build order — Steven S Lee
First 150 of 361 actions detected
| 0:02 | Build | Town Center |
| 1:04 | Create | Villager (Male) ×4 |
| 1:04 | Create | Villager (Male) ×4 |
| 1:38 | Build | Lumber Camp |
| 1:39 | Create | Villager (Male) |
| 1:40 | Create | Villager (Male) |
| 2:26 | Create | Villager (Male) |
| 2:26 | Create | Villager (Male) |
| 2:41 | Create | Villager (Male) |
| 2:42 | Create | Villager (Male) |
| 3:01 | Build | House |
| 3:12 | Create | Villager (Male) |
| 3:31 | Create | Villager (Male) |
| 3:32 | Create | Villager (Male) |
| 3:48 | Build | House |
| 3:49 | Build | Palisade Wall |
| 3:51 | Build | Palisade Wall |
| 3:52 | Build | Palisade Wall |
| 3:52 | Build | Palisade Wall |
| 4:00 | Build | House |
| 4:32 | Create | Villager (Male) |
| 5:20 | Build | Mill |
| 5:25 | Create | Villager (Male) |
| 5:26 | Create | Villager (Male) |
| 5:26 | Create | Villager (Male) |
| 5:41 | Build | House |
| 5:44 | Build | Palisade Wall |
| 5:55 | Create | Villager (Male) |
| 6:21 | Build | House |
| 6:31 | Build | Palisade Wall |
| 6:32 | Build | Palisade Wall |
| 6:33 | Build | Palisade Wall |
| 6:35 | Build | House |
| 6:47 | Research | Loom |
| 7:18 | Research | Feudal Age |
| 7:18 | Research | Feudal Age |
| 7:33 | Build | Barracks |
| 7:59 | Build | House |
| 8:05 | Build | Palisade Wall |
| 8:27 | Build | Palisade Wall |
| 8:28 | Build | Palisade Wall |
| 8:38 | Create | Villager (Male) |
| 9:41 | Age | Feudal Age |
| 9:46 | Build | Stable |
| 9:50 | Research | Double-Bit Axe |
| 9:56 | Research | Horse Collar |
| 9:56 | Research | Horse Collar |
| 10:03 | Create | Villager (Male) |
| 10:20 | Create | Villager (Male) |
| 10:34 | Create | Villager (Male) |
| 10:42 | Build | Blacksmith |
| 10:47 | Create | Scout Cavalry |
| 10:47 | Create | Scout Cavalry |
| 10:56 | Build | House |
| 10:58 | Build | House |
| 11:05 | Create | Villager (Male) |
| 11:39 | Build | House |
| 11:41 | Build | Palisade Gate |
| 11:42 | Build | Palisade Wall |
| 11:45 | Create | Villager (Male) |
| 11:47 | Create | Scout Cavalry |
| 12:15 | Create | Villager (Male) |
| 12:17 | Create | Villager (Male) |
| 12:21 | Build | Farm |
| 12:23 | Build | Farm |
| 12:27 | Build | Farm |
| 12:54 | Research | Forging |
| 13:09 | Create | Scout Cavalry |
| 13:10 | Create | Villager (Male) |
| 13:13 | Build | Farm |
| 13:13 | Build | Farm |
| 13:13 | Build | Farm |
| 13:13 | Build | Farm |
| 13:13 | Build | Farm |
| 13:37 | Create | Scout Cavalry |
| 13:39 | Create | Villager (Male) |
| 13:39 | Create | Villager (Male) |
| 14:03 | Build | Farm |
| 14:05 | Build | Mill |
| 14:08 | Build | Farm |
| 14:19 | Create | Villager (Male) |
| 14:27 | Build | Farm |
| 14:55 | Create | Villager (Male) |
| 14:59 | Build | Farm |
| 14:59 | Build | Farm |
| 15:00 | Build | Farm |
| 15:10 | Build | Farm |
| 15:13 | Create | Villager (Male) |
| 15:15 | Create | Villager (Male) |
| 15:43 | Create | Scout Cavalry |
| 15:50 | Build | Farm |
| 15:55 | Build | Mill |
| 15:57 | Build | Mining Camp |
| 16:06 | Create | Scout Cavalry |
| 16:31 | Create | Villager (Male) |
| 16:36 | Create | Villager (Male) |
| 16:36 | Create | Villager (Male) |
| 16:49 | Build | Lumber Camp |
| 17:02 | Research | Wheelbarrow |
| 17:05 | Build | Mining Camp |
| 17:27 | Build | House |
| 17:40 | Build | House |
| 17:53 | Build | House |
| 18:12 | Build | House |
| 18:16 | Build | House |
| 18:18 | Build | House |
| 18:49 | Research | Castle Age |
| 18:49 | Research | Castle Age |
| 19:19 | Research | Gold Mining |
| 19:22 | Research | Stone Mining |
| 19:28 | Build | Farm |
| 19:31 | Build | Farm |
| 19:49 | Build | Market |
| 19:53 | Research | Scale Barding Armor |
| 20:29 | Create | Villager (Male) |
| 21:10 | Research | Bloodlines |
| 21:29 | Age | Castle Age |
| 21:30 | Build | Castle |
| 21:37 | Research | Husbandry |
| 21:42 | Build | House |
| 21:44 | Build | House |
| 21:51 | Build | Town Center |
| 21:54 | Create | Villager (Male) |
| 21:57 | Create | Villager (Male) |
| 22:11 | Build | Stable |
| 22:12 | Build | Stable |
| 22:18 | Research | Fletching |
| 22:20 | Research | Chain Barding Armor |
| 22:45 | Create | Villager (Male) |
| 23:05 | Create | Villager (Male) |
| 23:22 | Research | Szlachta Privileges |
| 23:23 | Research | Szlachta Privileges |
| 23:27 | Research | Gold Mining |
| 23:28 | Create | Villager (Male) |
| 23:44 | Build | Stable |
| 23:49 | Create | Villager (Male) |
| 23:55 | Build | Farm |
| 23:57 | Build | Farm |
| 23:59 | Build | Farm |
| 24:04 | Build | Farm |
| 24:04 | Build | Farm |
| 24:08 | Create | Knight |
| 24:09 | Create | Knight |
| 24:22 | Create | Knight |
| 24:23 | Create | Villager (Male) |
| 24:24 | Create | Knight |
| 24:32 | Build | Farm |
| 24:36 | Build | Farm |
| 24:39 | Create | Villager (Male) |
| 24:41 | Create | Knight |
Match timeline
| 3:49 | Steven S Lee · wall_segment Palisade Wall x1 |
| 3:51 | Steven S Lee · wall_segment Palisade Wall x1 |
| 3:52 | Steven S Lee · wall_segment Palisade Wall x1 |
| 3:52 | Steven S Lee · wall_segment Palisade Wall x1 |
| 4:06 | Anne Flank · wall_segment Palisade Wall x1 |
| 4:07 | Anne Flank · wall_segment Palisade Wall x1 |
| 4:07 | Anne Flank · wall_segment Palisade Wall x1 |
| 4:08 | Anne Flank · wall_segment Palisade Wall x1 |
| 4:08 | Anne Flank · wall_segment Palisade Wall x1 |
| 5:44 | Steven S Lee · wall_segment Palisade Wall x4 |
| 6:31 | Steven S Lee · wall_segment Palisade Wall x1 |
| 6:32 | Steven S Lee · wall_segment Palisade Wall x1 |
| 6:33 | Steven S Lee · wall_segment Palisade Wall x1 |
| 7:28 | epic Llama · first_building Barracks |
| 7:32 | epic Llama · wall_segment Palisade Wall x5 |
| 7:33 | Steven S Lee · first_building Barracks |
| 7:54 | Anne Flank · wall_segment Palisade Wall x1 |
| 7:55 | Anne Flank · wall_segment Palisade Wall x1 |
| 7:55 | Anne Flank · wall_segment Palisade Wall x1 |
| 7:56 | Anne Flank · wall_segment Palisade Wall x1 |
| 7:58 | Anne Flank · wall_segment Palisade Wall x1 |
| 8:05 | Steven S Lee · wall_segment Palisade Wall x12 |
| 8:19 | Anne Flank · wall_segment Palisade Wall x1 |
| 8:20 | Anne Flank · wall_segment Palisade Wall x1 |
| 8:27 | Steven S Lee · wall_segment Palisade Wall x3 |
| 8:28 | Steven S Lee · wall_segment Palisade Wall x4 |
| 8:44 | argum · wall_segment Palisade Wall x8 |
| 8:51 | argum · wall_segment Palisade Wall x10 |
| 8:59 | argum · wall_segment Palisade Wall x7 |
| 9:01 | argum · wall_segment Palisade Wall x1 |
| 9:01 | epic Llama · wall_segment Palisade Wall x11 |
| 9:12 | argum · first_building Barracks |
| 9:19 | argum · age_up feudal |
| 9:34 | Anne Flank · wall_segment Palisade Wall x1 |
| 9:35 | Anne Flank · wall_segment Palisade Wall x1 |
| 9:35 | Anne Flank · wall_segment Palisade Wall x1 |
| 9:41 | Steven S Lee · age_up feudal |
| 9:46 | Steven S Lee · first_building Stable |
| 9:58 | epic Llama · wall_segment Palisade Wall x6 |
| 10:15 | Anne Flank · first_building Barracks |
| 10:22 | epic Llama · wall_segment Palisade Wall x16 |
| 10:35 | argum · first_building Archery Range |
| 10:45 | Anne Flank · age_up feudal |
| 10:46 | epic Llama · age_up feudal |
| 10:47 | epic Llama · first_building Stable |
| 10:55 | Anne Flank · first_building Archery Range |
| 11:42 | Steven S Lee · wall_segment Palisade Wall x6 |
| 11:58 | Anne Flank · first_market_sell 100 stone |
| 12:41 | argum · wall_segment Palisade Wall x7 |
| 14:01 | Anne Flank · wall_segment Palisade Wall x1 |
| 14:40 | Anne Flank · age_up castle |
| 15:13 | epic Llama · wall_segment Palisade Wall x13 |
| 16:05 | Anne Flank · first_market_buy 100 food |
| 21:05 | epic Llama · first_market_buy 100 wood |
| 21:29 | Steven S Lee · age_up castle |
| 21:30 | Steven S Lee · first_building Castle |
| 22:31 | Anne Flank · first_building Siege Workshop |
| 23:11 | Steven S Lee · first_market_sell 100 food |
| 23:46 | argum · age_up castle |
| 24:02 | argum · first_building Siege Workshop |
| 25:27 | epic Llama · age_up castle |
| 25:43 | epic Llama · first_building Castle |
| 26:55 | epic Llama · wall_segment Stone Wall x8 |
| 28:41 | epic Llama · wall_segment Stone Wall x8 |
| 28:50 | Steven S Lee · first_market_buy 100 food |
| 28:52 | epic Llama · wall_segment Stone Wall x2 |
| 29:11 | epic Llama · wall_segment Stone Wall x3 |
| 29:15 | epic Llama · wall_segment Stone Wall x11 |
| 31:33 | epic Llama · wall_segment Stone Wall x1 |
| 31:45 | Anne Flank · first_building Castle |
| 32:52 | argum · first_market_buy 100 wood |
| 33:42 | argum · first_market_sell 100 food |
| 36:37 | epic Llama · wall_segment Stone Wall x3 |
| 36:59 | Anne Flank · first_building Monastery |
| 39:06 | epic Llama · wall_segment Stone Wall x1 |
| 39:34 | Steven S Lee · age_up imperial |
| 41:00 | argum · first_building Castle |
| 41:13 | Steven S Lee · resign |
[ AI ANALYSIS · 1 CREDIT ]
What really happened in this match?
Wolo.gg analyzes every decision: build order, eco, micro, common mistakes by bracket. Personalized analysis on WhatsApp or Discord in 30 seconds.
Civ guide
Mapuche
Perfil
Jugador #20063850